 Dungeon Crawl Stone Soup version 0.31-a0-177-g4aa6249778 (webtiles) character file.

Game seed: 13018371939022846131

300 qw the Shooter (level 6, -1/57 HPs)
             Began as a Naga Hunter on June 18, 2023.
             Slain by Ijyb
             ... wielding a +0 club
              (6 damage)
             ... on level 4 of the Dungeon.
             The game lasted 00:00:49 (2300 turns).

qw the Shooter (Naga Hunter)                        Turns: 2300, Time: 00:00:50

Health: -1/57      AC:  4    Str: 20    XL:     6   Next: 36%
Magic:  6/6        EV:  9    Int:  9    God:
Gold:   150        SH:  0    Dex: 16    Spells: 5/5 levels left

rFire   . . .        Y - +0 shortbow
rCold   . . .        (shield currently unavailable)
rNeg    . . .        c - +0 leather armour
rPois   +            g - +0 helmet
rElec   .            (no cloak)
rCorr   .            (no gloves)
SInv    +            (no barding)
Will    .....        (no amulet)
Stlth   ++           e - +6 ring of strength
HPRegen 0.29/turn    (no ring)
MPRegen 0.10/turn

%: no passive effects
@: short of breath, very slow
A: AC +2, large, see invisible, deformed body, poison resistance, slowness 2,
spit poison 1, naga tail 1
a: Spit Poison


You were on level 4 of the Dungeon.
You visited 1 branch of the dungeon, and saw 4 of its levels.

You collected 150 gold pieces.


Innate Abilities, Weirdness & Mutations

Your serpentine skin is tough. (AC +2)
You have supernaturally acute eyesight. (SInv)
Armour fits poorly on your strangely shaped body.
Your system is resistant to poisons. (rPois)
You cover ground very slowly.
You can spit poison.
You have a snake-like lower body.


   Skills:
 - Level 4.0 Fighting
 + Level 5.9 Ranged Weapons
 - Level 1.5 Dodging
 - Level 1.5 Stealth


You had 5 spell levels left.
You didn't know any spells.
Your spell library was empty.

Inventory:

Hand Weapons
 Y - a +0 shortbow (weapon)
Armour
 c - a +0 leather armour (worn)
 g - a +0 helmet (worn)
Jewellery
 e - a +6 ring of strength (left hand)
Scrolls
 b - a scroll of identify
 i - 2 scrolls of teleportation
 j - a scroll of amnesia {unknown}
Potions
 a - a potion of ambrosia {unknown}
 d - a potion of lignification {unknown}
 f - a potion of haste
 h - a potion of curing {unknown}
 k - a potion of enlightenment {unknown}

Dungeon Overview and Level Annotations

Branches:
Dungeon (4/15)
 Temple: D:4-7

Altars:
Elyvilon
Fedhas
Gozag
Sif Muna
Zin

Annotations:
D:4 Ijyb


Message History

The hound barks!
The arrow hits the hound.
The hound is moderately wounded.
Ijyb zaps a wand.
Your mind is blasted!
You shoot an arrow. The arrow hits Ijyb.
Ijyb is moderately wounded.
2291 ||| INVOKING Spit Poison.
Aiming: Spit Poison (1% risk of failure)
Press: ? - help, Shift-Dir - straight line, f/p - Ijyb The splash of poison misses Ijyb.
Ijyb screams, "You nasty!
Big nasty!"
You shoot an arrow. The arrow hits Ijyb but does no damage.
Ijyb is moderately wounded.
Ijyb zaps a wand.
You struggle to resist.
You shoot an arrow.
The arrow hits the hound but does no damage.
The hound is lightly wounded.
You shoot an arrow. The arrow barely misses the hound.
The hound bites you but does no damage. The hound bites you.
You shoot an arrow. The arrow hits the hound!
The hound is heavily wounded.
You have got your breath back.
The hound bites you but does no damage.
2296 ||| INVOKING Spit Poison.
Aiming: Spit Poison (1% risk of failure)
Press: ? - help, Shift-Dir - straight line, f/p - hound The splash of poison hits the hound.
The hound is poisoned.
The hound is severely wounded.
The hound barely misses you. The hound bites you.
You shoot an arrow. The arrow hits the hound!
You kill the hound!
Ijyb zaps a wand.
You struggle to resist.
You shoot an arrow. The arrow hits Ijyb.
Ijyb is heavily wounded.
Ijyb zaps a wand.
Your mind is blasted!
You shoot an arrow. The arrow hits Ijyb!
Ijyb is almost dead.
You shoot an arrow. The arrow barely misses Ijyb.
Ijyb zaps a wand.
Your mind is blasted!
Ijyb hits you with a +0 club.
You die...

#####
############...# .
#<.....#.(...#.# ..
#........#####.# #...
#.......## #.# .....
#......##
###.###......
#......# #....@g.#
#......#####.##..###
#........#... #..#
#......#.#.# #..#
...#####.#.###....
...# #........#..
...# #..).....#...
...#####.............
................#


You could see Ijyb.

Vanquished Creatures
  An ogre (D:4)
  A scorpion (D:4)
  A hound (D:4)
  2 iguanas (D:4)
  An adder (D:3)
  2 dart slugs
  10 endoplasms
  7 giant cockroaches
  6 goblins
  5 hobgoblins
  A jackal (D:1)
  4 quokkas
  7 ball pythons
  3 bats
  2 frilled lizards (D:1)
  3 kobolds
  6 rats
62 creatures vanquished.

Notes
Turn   | Place    | Note
-------+----------+-------------------------------------------
     0 | D:1      | qw the Naga Hunter began the quest for the Orb.
     0 | D:1      | Reached XP level 1. HP: 19/19 MP: 1/1
     0 | D:1      | 0 ||| qw: Version: 0.3-a-5-g6f28e65
     0 | D:1      | 0 ||| qw: Game counter: 594
     0 | D:1      | 0 ||| qw: Always use a shield: true
     0 | D:1      | 0 ||| qw: God list: Okawaru
     0 | D:1      | 0 ||| qw: Allow faded altars: false
     0 | D:1      | 0 ||| qw: Do Orc after D:15 true
     0 | D:1      | 0 ||| qw: Do second Lair branch before Depths: true
     0 | D:1      | 0 ||| qw: Lair rune preference: random
     0 | D:1      | 0 ||| qw: Plans: Normal
     0 | D:1      | 0 ||| PLANNING D:1-11
     3 | D:1      | 3 ||| INVOKING Spit Poison.
   119 | D:1      | Found a faded altar of an unknown god.
   123 | D:1      | 123 ||| INVOKING Spit Poison.
   129 | D:1      | 129 ||| INVOKING Spit Poison.
   149 | D:1      | 149 ||| INVOKING Spit Poison.
   162 | D:1      | 162 ||| INVOKING Spit Poison.
   163 | D:1      | Reached skill level 4 in Ranged Weapons
   163 | D:1      | Reached XP level 2. HP: 26/26 MP: 2/2
   242 | D:1      | 242 ||| INVOKING Spit Poison.
   285 | D:1      | 285 ||| INVOKING Spit Poison.
   288 | D:1      | 288 ||| FLEEEEING.
   289 | D:1      | 289 ||| FLEEEEING.
   292 | D:1      | 292 ||| FLEEEEING.
   293 | D:1      | 293 ||| INVOKING Spit Poison.
   324 | D:1      | 324 ||| INVOKING Spit Poison.
   341 | D:1      | 341 ||| INVOKING Spit Poison.
   342 | D:1      | 342 ||| INVOKING Spit Poison.
   343 | D:1      | Reached XP level 3. HP: 32/32 MP: 3/3
   345 | D:1      | 345 ||| INVOKING Spit Poison.
   543 | D:1      | 543 ||| INVOKING Spit Poison.
   549 | D:1      | 549 ||| INVOKING Spit Poison.
   726 | D:1      | 726 ||| DROPPING amulet of magic regeneration.
   727 | D:1      | 727 ||| READING scroll labelled VUTEGG DEZIPYV.
   728 | D:1      | 728 ||| READING scroll labelled WETHAI RIANGO.
   729 | D:1      | 729 ||| DROPPING scroll of butterflies.
   806 | D:2      | 806 ||| INVOKING Spit Poison.
   849 | D:2      | 849 ||| INVOKING Spit Poison.
   874 | D:2      | 874 ||| INVOKING Spit Poison.
   879 | D:2      | 879 ||| INVOKING Spit Poison.
   942 | D:2      | 942 ||| INVOKING Spit Poison.
  1020 | D:2      | 1020 ||| INVOKING Spit Poison.
  1093 | D:2      | 1093 ||| INVOKING Spit Poison.
  1120 | D:2      | 1120 ||| INVOKING Spit Poison.
  1128 | D:2      | 1128 ||| INVOKING Spit Poison.
  1134 | D:2      | 1134 ||| FLEEEEING.
  1141 | D:2      | 1141 ||| INVOKING Spit Poison.
  1162 | D:2      | Found the +8 demon trident "Rift" {distort, reach+}
  1201 | D:2      | 1201 ||| UPGRADING to +6 ring of strength.
  1202 | D:2      | 1202 ||| READING scroll labelled BEAZYSMONIMP.
  1203 | D:2      | 1203 ||| READING 2 scrolls labelled PAQ ZIOTIANN.
  1204 | D:2      | 1204 ||| DRINKING 2 bubbling emerald potions.
  1260 | D:3      | 1260 ||| INVOKING Spit Poison.
  1269 | D:3      | Found a glowing silver altar of Zin.
  1299 | D:3      | 1299 ||| INVOKING Spit Poison.
  1303 | D:3      | 1303 ||| INVOKING Spit Poison.
  1326 | D:3      | 1326 ||| INVOKING Spit Poison.
  1399 | D:3      | 1399 ||| INVOKING Spit Poison.
  1436 | D:3      | 1436 ||| INVOKING Spit Poison.
  1437 | D:3      | Reached skill level 5 in Ranged Weapons
  1554 | D:3      | 1554 ||| INVOKING Spit Poison.
  1556 | D:3      | Reached XP level 4. HP: 39/39 MP: 4/4
  1560 | D:3      | 1560 ||| INVOKING Spit Poison.
  1722 | D:3      | 1722 ||| INVOKING Spit Poison.
  2008 | D:3      | 2008 ||| UPGRADING to +0 helmet.
  2013 | D:3      | 2013 ||| READING 3 scrolls labelled QEUTRE HUAP.
  2036 | D:4      | 2036 ||| INVOKING Spit Poison.
  2039 | D:4      | Noticed an ogre
  2042 | D:4      | 2042 ||| INVOKING Spit Poison.
  2045 | D:4      | 2045 ||| INVOKING Spit Poison.
  2046 | D:4      | Killed an ogre
  2047 | D:4      | Reached XP level 5. HP: 50/50 MP: 5/5
  2062 | D:4      | 2062 ||| INVOKING Spit Poison.
  2105 | D:4      | Found a shimmering blue altar of Sif Muna.
  2105 | D:4      | Found a white marble altar of Elyvilon.
  2112 | D:4      | Found an opulent altar of Gozag.
  2114 | D:4      | Found a blossoming altar of Fedhas.
  2116 | D:4      | Found a faded altar of an unknown god.
  2160 | D:4      | 2160 ||| INVOKING Spit Poison.
  2163 | D:4      | 2163 ||| INVOKING Spit Poison.
  2167 | D:4      | 2167 ||| INVOKING Spit Poison.
  2275 | D:4      | 2275 ||| INVOKING Spit Poison.
  2278 | D:4      | 2278 ||| INVOKING Spit Poison.
  2280 | D:4      | Reached XP level 6. HP: 57/57 MP: 6/6
  2286 | D:4      | Noticed Ijyb
  2291 | D:4      | 2291 ||| INVOKING Spit Poison.
  2296 | D:4      | 2296 ||| INVOKING Spit Poison.
  2300 | D:4      | HP: 5/57 [disintegration (14)]
  2300 | D:4      | Slain by Ijyb

Levels and vault maps discovered:
D:1:      dpeg_arrival_brainrot, layout_basic, shapermc_ecumenical_altar_venn,
          minmay_tetromino_s2
D:2:      layout_rooms
D:3:      layout_basic, zin_academy, chequers_decorated_corner,
          kennysheep_potato
D:4:      layout_rooms, chequers_temple_overflow_minitemple, uniq_ijyb

Skill      XL: |  1  2  3  4 |
---------------+-------------+-----
Ranged Weapons | 4 5 |  5.9
Fighting       | 4 |  4.0
Dodging        | |  1.5
Stealth        | |  1.5

Action                     |  1- 3 |  4- 6 || total
---------------------------+-------+-------++-------
   Fire: Shortbow          |    75 |    52 ||   127
Ability: Spit Poison       |    30 |    13 ||    43
    Use: Scroll            |     4 |     1 ||     5
         Potion            |     1 |       ||     1
 Armour: Leather armour    |     9 |     5 ||    14
  Dodge: Dodged            |     7 |    12 ||    19

Table legend:
 A = Non-vault XP
 B = Vault XP
 C = Vault XP percentage of total XP
 D = Non-vault monster count
 E = Vault monster count
 F = Vault count percentage of total count
                 A         B        C        D         E       F
            +---------+---------+-------+---------+---------+-------
      Total |     418 |      11 |   2.6 |      56 |       6 |   9.7
            +---------+---------+-------+---------+---------+-------
        D:1 |      38 |       6 |  13.6 |      22 |       3 |  12.0
        D:2 |      21 |       0 |   0.0 |      12 |       0 |   0.0
        D:3 |      34 |       5 |  12.8 |      14 |       3 |  17.6
        D:4 |     325 |       0 |   0.0 |       8 |       0 |   0.0
            +---------+---------+-------+---------+---------+-------
